Match 45896604
Unlisted

Match 45896604
End
Engineer Squad
Construct Barracks
Selects Special Operations Battlegroup
Riflemen Squad
Riflemen Squad
Riflemen Squad
Mechanized Support Center
Selects M29 Weasel with M1 Pack Howitzer
Construct Medical Station
Construct Medical Station
Construct Motor Pool
M8 Greyhound Armored Car
Selects Raiding Flares
M1 Anti-tank Gun Team
Designate Forward Repair Station
M1918 Browning Automatic Rifles
Grenade Package
M1 Anti-tank Gun Team
Selects SSF Commando Squad
M29 Weasel with M1 Pack Howitzer
Construct Tank Depot
Salvage Crew
Selects Mark Vehicle
Selects UNKNOWN (2162291)
Raiding Flares
M4A1 Sherman Whizbang
Designate Forward Repair Station
Raiding Flares
M16 Multiple Gun Motor Carriage
Quietus
Valieriumborn
chiuchiu63333
Boneless
Arwootarch
ValiantHawk
0
0

Comments sign in to comment!

No comments posted yet!